Blues vs Nordiques
Created - February 2, 2019 at 22:46
Goals
|
Blues |
1 |
1 |
2 |
4 |
Nordiques |
2 |
2 |
1 |
5 |
|
Shots
|
Blues |
7 |
10 |
9 |
26 |
Nordiques |
19 |
12 |
5 |
36 |
|
1st period
1. Blues , Alex Pietrangelo 10 (Nicklas Backstrom 43) at 1:57 (PP)
2. Nordiques , Vladimir Tarasenko 37 (Simon Gagné 16, Marc Savard 40) at 11:35
3. Nordiques , Trevor Daley 4 (David Legwand 26, Matt Moulson 10) at 19:31
Penalties :
Ryan Ellis (Que) for Holding (Minor) at 1:55, Sergei Shirokov (STL) for Roughing (Minor) at 4:50
2nd period
4. Nordiques , Vladimir Tarasenko 38 (Simon Gagné 17, Marc Savard 41) at 2:54
5. Blues , Logan Couture 6 (Yann Sauvé 11, Patrick Kaleta 5) at 10:42
6. Nordiques , Matt Moulson 10 (David Legwand 27, Mark Eaton 11) at 18:13
Penalties :
Alex Pietrangelo (STL) for Hooking (Minor) at 4:43, Yann Sauvé (STL) for Tripping (Minor) at 8:23, Yann Sauvé (STL) for Diving (Minor) at 12:32, Bryce Lampman (STL) for Tripping (Minor) at 18:35
3rd period
7. Nordiques , Vladimir Tarasenko 39 (Marc Savard 42, Ryan Ellis 35) at 2:45
8. Blues , Bryce Lampman 5 (Sergei Shirokov 24, David Perron 20) at 13:09 (PP)
9. Blues , Tomas Plekanec 4 (Brandon Yip 9, Alex Pietrangelo 45) at 14:50
Penalties :
Kyle Calder (Que) for Roughing (Minor) at 3:19, Bryce Lampman (STL) for Interference (Minor) at 7:18, George Parros (Que) for Hooking (Minor) at 11:32, Jay Bouwmeester (Que) for Holding (Minor) at 15:41
Goalie Stats
Carey Price (STL), 31 saves from 36 shots - (0.861), L, 17-17-2, 59:11 minutes
Jonathan Quick (Que), 22 saves from 26 shots - (0.846), W, 23-15-3, 60:00 minutes
Players Stats for Blues
Player Name G A P +/- PIM S H SB GA TA FO MP PP MP PK MP
------------------------------------------------------------------------------------
Alex Pietrangelo 1 1 2 -2 2 4 2 3 2 0 0/0 27:25 3:02 6:33
Brandon Yip 0 1 1 1 0 0 1 0 0 0 0/0 6:13 0:00 0:00
Bryce Lampman 1 0 1 -2 4 1 1 1 0 0 0/0 27:31 1:28 5:27
Cody Ceci 0 0 0 -2 0 1 2 2 0 2 0/0 18:19 0:00 4:51
David Perron 0 1 1 -3 0 1 2 0 0 0 0/1 17:11 2:41 0:00
Filip Forsberg 0 0 0 0 0 0 0 0 0 0 2/3 9:43 2:56 0:00
Jake Gardiner 0 0 0 0 0 1 1 1 0 0 0/0 22:31 4:09 4:04
Jeff Skinner 0 0 0 1 0 0 0 0 0 0 0/0 6:25 0:00 1:07
Kyle Okposo 0 0 0 -3 0 1 4 0 0 0 0/2 17:18 2:56 0:00
Logan Couture 1 0 1 0 0 2 2 3 0 0 6/16 18:03 0:00 7:08
Nick Leddy 0 0 0 -1 0 1 0 1 0 0 0/0 12:56 2:35 0:03
Nicklas Backstrom 0 1 1 -3 0 5 1 0 0 0 17/30 18:23 2:56 1:05
Patrick Kaleta 0 1 1 0 0 1 2 0 1 0 0/0 18:01 0:00 7:06
Sergei Shirokov 0 1 1 -1 2 4 1 0 1 0 0/0 13:33 2:41 0:00
Ted Purcell 0 0 0 -1 0 1 4 1 0 0 1/2 15:48 0:00 3:41
Tomas Plekanec 1 0 1 1 0 1 2 0 1 0 1/2 5:18 0:00 0:00
Travis Zajac 0 0 0 -1 0 2 0 3 0 0 8/16 18:16 2:41 3:41
Yann Sauvé 0 1 1 1 4 0 1 0 0 1 0/0 15:06 0:00 2:50
Players Stats for Nordiques
Player Name G A P +/- PIM S H SB GA TA FO MP PP MP PK MP
------------------------------------------------------------------------------------
Chris Drury 0 0 0 -1 0 3 2 0 0 0 6/15 11:19 0:00 0:18
David Legwand 0 2 2 2 0 3 3 0 0 0 6/9 15:21 4:56 1:17
Dustin Byfuglien 0 0 0 1 0 1 0 1 0 0 0/0 8:51 0:00 0:26
Fedor Tyutin 0 0 0 2 0 1 3 2 0 1 0/0 18:35 2:55 2:37
George Parros 0 0 0 -1 2 0 3 0 0 0 0/0 6:10 0:00 0:00
Jay Bouwmeester 0 0 0 0 2 3 0 1 0 1 0/0 30:13 8:59 0:00
Jean-Pierre Dumont 0 0 0 2 0 0 1 0 0 0 0/0 7:39 0:00 0:00
Kyle Calder 0 0 0 -1 2 1 1 0 0 0 0/0 7:08 0:00 0:55
Marc Savard 0 3 3 3 0 2 2 1 1 0 23/42 25:43 6:58 2:33
Mark Eaton 0 1 1 1 0 0 1 1 0 0 0/0 11:20 0:00 3:02
Matt Moulson 1 1 2 2 0 2 1 0 0 0 0/0 8:32 0:00 0:50
Paul Gaustad 0 0 0 -1 0 2 0 0 0 0 0/1 8:29 0:00 1:17
R.J. Umberger 0 0 0 -1 0 4 4 0 0 0 0/1 18:39 4:56 1:29
Ryan Callahan 0 0 0 -1 0 4 0 0 0 0 0/0 17:13 4:56 0:00
Ryan Ellis 0 1 1 0 2 5 3 1 1 1 0/0 32:18 8:59 2:09
Simon Gagné 0 2 2 3 0 0 0 0 0 0 2/3 22:16 6:58 0:00
Trevor Daley 1 0 1 2 0 1 1 0 0 1 0/0 18:48 2:55 3:00
Vladimir Tarasenko 3 0 3 3 0 4 0 0 1 1 0/1 25:45 6:58 2:35
3 Stars
1 - Vladimir Tarasenko (Que)
2 - Marc Savard (Que)
3 - Matt Moulson (Que)
Power Play
Blues - 2 on 4 Attempt(s) - 50.00%
Nordiques - 0 on 6 Attempt(s) - 0.00%
Penalty Kill
Blues - 6 on 6 Attempt(s) - 100.00%
- Score 0 goal in Penalty Kill
Nordiques - 2 on 4 Attempt(s) - 50.00%
- Score 0 goal in Penalty Kill
Team Stat
Blues - Hits : 26 - Faceoff Wins : 35 - Blocked Shots : 15 - Penalty Minutes : 12
Nordiques - Hits : 25 - Faceoff Wins : 37 - Blocked Shots : 7 - Penalty Minutes : 8
Official
Referees : Unknown
Linesman : Unknown
Game Notes
17:25 of 2nd period - Blues goal is going for a video replay. After video review, No Goal. The puck has entered the net after making contact with an attacking player’s stick that is above the height of the crossbar.
Vladimir Tarasenko has scored a Hat Trick!
Finance
Level 1 -- Attendance: 3898 (64.97%) -- Ticket Income $409,290
Level 2 -- Attendance: 3559 (71.18%) -- Ticket Income $231,335
Level 3 -- Attendance: 1366 (68.30%) -- Ticket Income $62,836
Level 4 -- Attendance: 2763 (69.08%) -- Ticket Income $96,705
Luxury Box -- Attendance: 974 (97.40%) -- Ticket Income $160,710
Game was played at the Centre Videotron.
Total Attendance: 12560 (69.78%)
Total Ticket Income: $960,876
Other Income: $144,131
Total Income: $1,105,007
Blues
5 vs 5 Forward
Center Left Wing Right Wing Time % Phy DF OF
1 Nicklas Backstrom David Perron Kyle Okposo 40 1 2 2
2 Travis Zajac Ted Purcell Sergei Shirokov 30 1 2 2
3 Logan Couture Filip Forsberg Patrick Kaleta 20 1 2 2
4 Tomas Plekanec Jeff Skinner Brandon Yip 10 1 2 2
5 vs 5 Defense
Defense Defense Time % Phy DF OF
1 Alex Pietrangelo Bryce Lampman 40 1 2 2
2 Jake Gardiner Yann Sauvé 30 1 2 2
3 Nick Leddy Cody Ceci 20 1 2 2
4 Jake Gardiner Bryce Lampman 10 1 2 2
PowerPlay Forward
Center Left Wing Right Wing Time % Phy DF OF
1 Nicklas Backstrom Filip Forsberg Kyle Okposo 60 1 2 2
2 Travis Zajac David Perron Sergei Shirokov 40 1 2 2
PowerPlay Defense
Defense Defense Time % Phy DF OF
1 Alex Pietrangelo Jake Gardiner 60 1 2 2
2 Nick Leddy Bryce Lampman 40 1 2 2
Penalty Kill 4 Players Forward
Center Wing Time % Phy DF OF
1 Logan Couture Patrick Kaleta 60 1 2 2
2 Travis Zajac Ted Purcell 40 1 2 2
Penalty Kill 4 Players Defense
Defense Defense Time % Phy DF OF
1 Alex Pietrangelo Bryce Lampman 60 1 2 2
2 Jake Gardiner Yann Sauvé 40 1 2 2
Penalty Kill - 3 Players Forward
Forward Time % Phy DF OF
1 Travis Zajac 60 1 2 2
2 Logan Couture 40 1 2 2
Penalty Kill - 3 Players Defense
Defense Defense Time % Phy DF OF
1 Alex Pietrangelo Bryce Lampman 60 1 2 2
2 Jake Gardiner Yann Sauvé 40 1 2 2
4 vs 4 Forward
Center Wing Time % Phy DF OF
1 Nicklas Backstrom David Perron 60 1 2 2
2 Travis Zajac Kyle Okposo 40 1 2 2
4 vs 4 Defense
Defense Defense Time % Phy DF OF
1 Alex Pietrangelo Bryce Lampman 60 1 2 2
2 Jake Gardiner Yann Sauvé 40 1 2 2
Last Minutes Offensive
Center Left Wing Right Wing Defense Defense
Nicklas Backstrom David Perron Kyle Okposo Alex Pietrangelo Jake Gardiner
Last Minutes Defensive
Center Left Wing Right Wing Defense Defense
Travis Zajac Ted Purcell Patrick Kaleta Alex Pietrangelo Bryce Lampman
Goaltenders
Starting : Carey Price
Backup : Ray Emery
Extra Forwards
Normal : Logan Couture, Brandon Yip, Patrick Kaleta - PP : Logan Couture, Brandon Yip - PK : Patrick Kaleta
Extra Defensemen
Normal : Nick Leddy, Cody Ceci, Jake Gardiner - PP : Nick Leddy - PK : Cody Ceci, Jake Gardiner
Penalty Shots
David Perron, Ted Purcell, Nicklas Backstrom, Logan Couture, Jeff Skinner
Scratches
Linus Omark (Herniated Disc Injury)
Nordiques
5 vs 5 Forward
Center Left Wing Right Wing Time % Phy DF OF
1 Marc Savard Simon Gagné Vladimir Tarasenko 40 0 1 4
2 Chris Drury R.J. Umberger Ryan Callahan 30 1 1 3
3 David Legwand Matt Moulson Jean-Pierre Dumont 20 1 1 3
4 Paul Gaustad Kyle Calder George Parros 10 2 1 2
5 vs 5 Defense
Defense Defense Time % Phy DF OF
1 Jay Bouwmeester Ryan Ellis 40 1 3 1
2 Fedor Tyutin Trevor Daley 30 1 3 1
3 Dustin Byfuglien Mark Eaton 20 1 3 1
4 Jay Bouwmeester Ryan Ellis 10 1 3 1
PowerPlay Forward
Center Left Wing Right Wing Time % Phy DF OF
1 Marc Savard Simon Gagné Vladimir Tarasenko 60 0 0 5
2 David Legwand R.J. Umberger Ryan Callahan 40 0 0 5
PowerPlay Defense
Defense Defense Time % Phy DF OF
1 Jay Bouwmeester Ryan Ellis 60 0 2 3
2 Trevor Daley Fedor Tyutin 40 0 2 3
Penalty Kill 4 Players Forward
Center Wing Time % Phy DF OF
1 Marc Savard Vladimir Tarasenko 60 1 4 0
2 David Legwand Paul Gaustad 40 1 4 0
Penalty Kill 4 Players Defense
Defense Defense Time % Phy DF OF
1 Fedor Tyutin Ryan Ellis 60 1 4 0
2 Trevor Daley Mark Eaton 40 1 4 0
Penalty Kill - 3 Players Forward
Forward Time % Phy DF OF
1 Marc Savard 60 0 5 0
2 Vladimir Tarasenko 40 0 5 0
Penalty Kill - 3 Players Defense
Defense Defense Time % Phy DF OF
1 Fedor Tyutin Ryan Ellis 60 1 4 0
2 Mark Eaton Trevor Daley 40 1 4 0
4 vs 4 Forward
Center Wing Time % Phy DF OF
1 Marc Savard Vladimir Tarasenko 60 0 1 4
2 David Legwand Chris Drury 40 0 1 4
4 vs 4 Defense
Defense Defense Time % Phy DF OF
1 Jay Bouwmeester Ryan Ellis 60 1 4 0
2 Fedor Tyutin Trevor Daley 40 1 4 0
Last Minutes Offensive
Center Left Wing Right Wing Defense Defense
Marc Savard Simon Gagné Vladimir Tarasenko Fedor Tyutin Ryan Ellis
Last Minutes Defensive
Center Left Wing Right Wing Defense Defense
Marc Savard Paul Gaustad Vladimir Tarasenko Jay Bouwmeester Ryan Ellis
Goaltenders
Starting : Jonathan Quick
Backup : Philipp Grubauer
Extra Forwards
Normal : Vladimir Tarasenko, Ryan Callahan, David Legwand - PP : Vladimir Tarasenko, Ryan Callahan - PK : R.J. Umberger
Extra Defensemen
Normal : Ryan Ellis, Fedor Tyutin, Jay Bouwmeester - PP : Ryan Ellis - PK : Mark Eaton, Fedor Tyutin
Penalty Shots
Marc Savard, Vladimir Tarasenko, David Legwand, Chris Drury, Ryan Callahan
Scratches
Bruno Gervais (Healthy), Mike Fisher (Healthy), T.J. Fast (Healthy), Tim Crowder (Healthy), Julien Ellis (Healthy)
% Time on Ice - Blues
Lines # - Real PCT - Wanted PCT - Time Play
Normal Forward
1 - 41% - 40% - 17:14
2 - 29% - 30% - 12:15
3 - 16% - 20% - 6:47
4 - 13% - 10% - 5:18
Normal Defense
1 - 42% - 40% - 17:38
2 - 29% - 30% - 11:53
3 - 24% - 20% - 9:48
4 - 5% - 10% - 2:15
PP Forward
1 - 52% - 60% - 2:56
2 - 48% - 40% - 2:41
PP Defense
1 - 74% - 60% - 4:09
2 - 26% - 40% - 1:28
PK Forward
1 - 69% - 60% - 8:13
2 - 31% - 40% - 3:41
PK Defense
1 - 66% - 60% - 7:53
2 - 34% - 40% - 4:01
PK3 Forward
1 - 0% - 60%
2 - 0% - 40%
PK3 Defense
1 - 0% - 60%
2 - 0% - 40%
44 Forward
1 - 0% - 60%
2 - 0% - 40%
44 Defense
1 - 0% - 60%
2 - 0% - 40%
Last Minute Offensive - 0:55
Last Minute Defensive - 0:00
Total
Forward - 60:00
Defense - 60:00
|
% Time on Ice - Nordiques
Lines # - Real PCT - Wanted PCT - Time Play
Normal Forward
1 - 37% - 40% - 15:21
2 - 30% - 30% - 12:24
3 - 18% - 20% - 7:39
4 - 15% - 10% - 6:11
Normal Defense
1 - 45% - 40% - 18:36
2 - 31% - 30% - 12:53
3 - 20% - 20% - 8:18
4 - 4% - 10% - 1:48
PP Forward
1 - 59% - 60% - 6:58
2 - 41% - 40% - 4:56
PP Defense
1 - 75% - 60% - 8:59
2 - 25% - 40% - 2:55
PK Forward
1 - 77% - 60% - 4:20
2 - 23% - 40% - 1:17
PK Defense
1 - 47% - 60% - 2:37
2 - 53% - 40% - 3:00
PK3 Forward
1 - 0% - 60%
2 - 0% - 40%
PK3 Defense
1 - 0% - 60%
2 - 0% - 40%
44 Forward
1 - 0% - 60%
2 - 0% - 40%
44 Defense
1 - 0% - 60%
2 - 0% - 40%
Last Minute Offensive - 0:00
Last Minute Defensive - 0:54
Total
Forward - 60:00
Defense - 60:00
|
Play-by-Play
1st period
0:01 of 1st period - Nicklas Backstrom wins face-off versus Marc Savard in neutral zone.
0:05 of 1st period - Off-side.
0:06 of 1st period - Marc Savard wins face-off versus David Perron in neutral zone.
0:09 of 1st period - Slapshot by Jay Bouwmeester.
0:09 of 1st period - Shot Misses the Net.
0:32 of 1st period - Backhand shot by Chris Drury.
0:32 of 1st period - Shot Misses the Net.
0:42 of 1st period - Wrist shot by Ryan Callahan.
0:42 of 1st period - Stopped by Carey Price with a rebound.
1:12 of 1st period - Icing by Patrick Kaleta.
1:13 of 1st period - Filip Forsberg wins face-off versus David Legwand in Blues zone.
1:40 of 1st period - Yann Sauvé is hit by Mark Eaton and loses puck.
1:55 of 1st period - Minor Penalty to Ryan Ellis for Holding.
1:56 of 1st period - Nicklas Backstrom wins face-off versus Marc Savard in Nordiques zone.
1:57 of 1st period - Snap shot by Alex Pietrangelo.
1:57 of 1st period - Goal by Alex Pietrangelo - Blues : 1 - Nordiques : 0.
1:58 of 1st period - Chris Drury wins face-off versus Travis Zajac in neutral zone.
2:03 of 1st period - Snap shot by Chris Drury.
2:03 of 1st period - Stopped by Carey Price with a rebound.
2:49 of 1st period - Yann Sauvé is hit by Matt Moulson.
3:15 of 1st period - Kyle Calder is hit by Tomas Plekanec and loses puck.
3:52 of 1st period - Wrist shot by Simon Gagné.
3:52 of 1st period - Deflect By Bryce Lampman.
3:52 of 1st period - Shot Hit the Post.
3:52 of 1st period - Puck is out of play.
3:53 of 1st period - Chris Drury wins face-off versus Nicklas Backstrom in Blues zone.
3:56 of 1st period - Backhand shot by Chris Drury.
3:56 of 1st period - Stopped by Carey Price with a rebound.
3:58 of 1st period - Slapshot by Jay Bouwmeester.
3:58 of 1st period - Deflect By Ryan Callahan.
3:58 of 1st period - Stopped by Carey Price without a rebound.
3:59 of 1st period - Nicklas Backstrom wins face-off versus Chris Drury in Blues zone.
4:08 of 1st period - Snap shot by Kyle Okposo.
4:08 of 1st period - Stopped by Jonathan Quick without a rebound.
4:09 of 1st period - Marc Savard wins face-off versus Kyle Okposo in Nordiques zone.
4:38 of 1st period - Yann Sauvé is hit by David Legwand and loses puck.
4:47 of 1st period - Wrist shot by David Legwand.
4:47 of 1st period - Stopped by Carey Price without a rebound.
4:48 of 1st period - Travis Zajac wins face-off versus Chris Drury in Blues zone.
4:50 of 1st period - Minor Penalty to Sergei Shirokov for Roughing.
4:51 of 1st period - Logan Couture wins face-off versus Marc Savard in Blues zone.
5:03 of 1st period - Wrist shot by Simon Gagné.
5:03 of 1st period - Deflect By Marc Savard.
5:03 of 1st period - Shot Misses the Net.
5:03 of 1st period - Puck is out of play.
5:04 of 1st period - Logan Couture wins face-off versus Marc Savard in Blues zone.
5:21 of 1st period - Snap shot by Simon Gagné.
5:21 of 1st period - Shot Misses the Net.
5:31 of 1st period - R.J. Umberger is hit by Ted Purcell and loses puck.
5:38 of 1st period - Snap shot by Fedor Tyutin.
5:38 of 1st period - Shot Misses the Net.
5:40 of 1st period - Slapshot by Fedor Tyutin.
5:40 of 1st period - Stopped by Carey Price with a rebound.
6:22 of 1st period - Yann Sauvé is hit by R.J. Umberger and loses puck.
6:43 of 1st period - Icing by Simon Gagné.
6:44 of 1st period - Marc Savard wins face-off versus Travis Zajac in Nordiques zone.
6:50 of 1st period - Penalty to Sergei Shirokov is over, Sergei Shirokov is back on ice.
6:51 of 1st period - Ryan Callahan is hit by Ted Purcell and loses puck.
7:29 of 1st period - Alex Pietrangelo is hit by David Legwand and loses puck.
8:40 of 1st period - Wrist shot by Kyle Okposo.
8:40 of 1st period - Shot Misses the Net.
8:54 of 1st period - Wrist shot by Ryan Callahan.
8:54 of 1st period - Stopped by Carey Price without a rebound.
8:55 of 1st period - Travis Zajac wins face-off versus Chris Drury in Blues zone.
9:30 of 1st period - Slapshot by Ryan Ellis.
9:30 of 1st period - Shot Misses the Net.
9:32 of 1st period - Slapshot by Jay Bouwmeester.
9:32 of 1st period - Shot Misses the Net.
9:34 of 1st period - Wrist shot by R.J. Umberger.
9:34 of 1st period - Stopped by Carey Price with a rebound.
9:40 of 1st period - Slapshot by Ryan Ellis.
9:40 of 1st period - Shot Misses the Net.
9:42 of 1st period - Slapshot by Ryan Callahan.
9:42 of 1st period - Stopped by Carey Price with a rebound.
9:44 of 1st period - Backhand shot by Jay Bouwmeester.
9:44 of 1st period - Stopped by Carey Price without a rebound.
9:45 of 1st period - Nicklas Backstrom wins face-off versus Marc Savard in Blues zone.
9:45 of 1st period - Nicklas Backstrom is hit by Marc Savard.
10:38 of 1st period - Snap shot by Matt Moulson.
10:38 of 1st period - Shot Misses the Net.
10:40 of 1st period - Snap shot by Dustin Byfuglien.
10:40 of 1st period - Stopped by Carey Price with a rebound.
10:42 of 1st period - Wrist shot by Kyle Calder.
10:42 of 1st period - Stopped by Carey Price with a rebound.
11:06 of 1st period - Ryan Callahan is hit by David Perron and loses puck.
11:27 of 1st period - Wrist shot by Matt Moulson.
11:27 of 1st period - Deflect By Jean-Pierre Dumont.
11:27 of 1st period - Shot Blocked by Alex Pietrangelo.
11:27 of 1st period - Puck is out of play.
11:28 of 1st period - Marc Savard wins face-off versus Nicklas Backstrom in Blues zone.
11:35 of 1st period - Wrist shot by Vladimir Tarasenko.
11:35 of 1st period - Goal by Vladimir Tarasenko - Blues : 1 - Nordiques : 1.
11:36 of 1st period - Nicklas Backstrom wins face-off versus Marc Savard in neutral zone.
11:41 of 1st period - Snap shot by Nicklas Backstrom.
11:41 of 1st period - Stopped by Jonathan Quick without a rebound.
11:42 of 1st period - Nicklas Backstrom wins face-off versus Marc Savard in Nordiques zone.
11:49 of 1st period - Slapshot by Alex Pietrangelo.
11:49 of 1st period - Shot Misses the Net.
12:52 of 1st period - Alex Pietrangelo is hit by Fedor Tyutin and loses puck.
13:36 of 1st period - Snap shot by Travis Zajac.
13:36 of 1st period - Deflect By Sergei Shirokov.
13:36 of 1st period - Stopped by Jonathan Quick with a rebound.
13:38 of 1st period - Snap shot by Ted Purcell.
13:38 of 1st period - Shot Blocked by Fedor Tyutin.
13:40 of 1st period - Slapshot by Alex Pietrangelo.
13:40 of 1st period - Stopped by Jonathan Quick without a rebound.
13:41 of 1st period - Simon Gagné wins face-off versus Nicklas Backstrom in Nordiques zone.
13:41 of 1st period - Simon Gagné is hit by Kyle Okposo.
13:53 of 1st period - Wrist shot by Marc Savard.
13:53 of 1st period - Stopped by Carey Price with a rebound.
13:55 of 1st period - Slapshot by Ryan Ellis.
13:55 of 1st period - Stopped by Carey Price with a rebound.
14:32 of 1st period - Fedor Tyutin is hit by Logan Couture.
14:46 of 1st period - Logan Couture is hit by Chris Drury and loses puck.
14:57 of 1st period - Simon Gagné is hit by Brandon Yip and loses puck.
15:43 of 1st period - Snap shot by Kyle Calder.
15:43 of 1st period - Shot Misses the Net.
15:45 of 1st period - Slapshot by Ryan Ellis.
15:45 of 1st period - Shot Blocked by Travis Zajac.
15:47 of 1st period - Wrist shot by Jay Bouwmeester.
15:47 of 1st period - Shot Blocked by Ted Purcell.
15:49 of 1st period - Snap shot by Paul Gaustad.
15:49 of 1st period - Stopped by Carey Price with a rebound.
16:30 of 1st period - Icing by Jay Bouwmeester.
16:31 of 1st period - David Legwand wins face-off versus Logan Couture in Nordiques zone.
16:43 of 1st period - Snap shot by Logan Couture.
16:43 of 1st period - Stopped by Jonathan Quick without a rebound.
16:44 of 1st period - Simon Gagné wins face-off versus Nicklas Backstrom in Nordiques zone.
18:08 of 1st period - Icing by Bryce Lampman.
18:09 of 1st period - Marc Savard wins face-off versus Tomas Plekanec in Blues zone.
18:20 of 1st period - Slapshot by Alex Pietrangelo.
18:20 of 1st period - Shot Blocked by Dustin Byfuglien.
18:22 of 1st period - Wrist shot by Alex Pietrangelo.
18:22 of 1st period - Deflect By Brandon Yip.
18:22 of 1st period - Shot Blocked by Mark Eaton.
18:22 of 1st period - Puck is out of play.
18:23 of 1st period - Marc Savard wins face-off versus Nicklas Backstrom in Nordiques zone.
18:23 of 1st period - Marc Savard is hit by Kyle Okposo.
19:15 of 1st period - Wrist shot by Chris Drury.
19:15 of 1st period - Shot Blocked by Cody Ceci.
19:17 of 1st period - Snap shot by R.J. Umberger.
19:17 of 1st period - Shot Misses the Net.
19:19 of 1st period - Slapshot by Ryan Callahan.
19:19 of 1st period - Shot Misses the Net.
19:21 of 1st period - Slapshot by Jay Bouwmeester.
19:21 of 1st period - Stopped by Carey Price without a rebound.
19:22 of 1st period - David Legwand wins face-off versus Nicklas Backstrom in Blues zone.
19:27 of 1st period - Wrist shot by David Legwand.
19:27 of 1st period - Shot Blocked by Bryce Lampman.
19:29 of 1st period - Wrist shot by David Legwand.
19:29 of 1st period - Stopped by Carey Price with a rebound.
19:31 of 1st period - Slapshot by Trevor Daley.
19:31 of 1st period - Goal by Trevor Daley - Blues : 1 - Nordiques : 2.
19:32 of 1st period - Marc Savard wins face-off versus Nicklas Backstrom in neutral zone.
19:34 of 1st period - Off-side.
19:35 of 1st period - Nicklas Backstrom wins face-off versus Marc Savard in neutral zone.
19:48 of 1st period - Wrist shot by Nicklas Backstrom.
19:48 of 1st period - Stopped by Jonathan Quick with a rebound.
Goals for this period are 1 for Blues vs 2 for Nordiques.
Shots for this period are 7 for Blues vs 19 for Nordiques.
2nd period
0:01 of 2nd period - Nicklas Backstrom wins face-off versus Simon Gagné in neutral zone.
0:26 of 2nd period - Simon Gagné is hit by Logan Couture and loses puck.
0:39 of 2nd period - Wrist shot by Jay Bouwmeester.
0:39 of 2nd period - Deflect By Marc Savard.
0:39 of 2nd period - Shot Misses the Net.
0:39 of 2nd period - Puck is out of play.
0:40 of 2nd period - Travis Zajac wins face-off versus Chris Drury in Blues zone.
0:40 of 2nd period - Travis Zajac is hit by R.J. Umberger.
0:52 of 2nd period - Snap shot by R.J. Umberger.
0:52 of 2nd period - Stopped by Carey Price with a rebound.
0:54 of 2nd period - Slapshot by Fedor Tyutin.
0:54 of 2nd period - Shot Misses the Net.
1:11 of 2nd period - Yann Sauvé is hit by Jean-Pierre Dumont.
1:20 of 2nd period - David Legwand is hit by Kyle Okposo and loses puck.
2:15 of 2nd period - Alex Pietrangelo is hit by R.J. Umberger and loses puck.
2:39 of 2nd period - Snap shot by Alex Pietrangelo.
2:39 of 2nd period - Stopped by Jonathan Quick without a rebound.
2:40 of 2nd period - Marc Savard wins face-off versus Nicklas Backstrom in Nordiques zone.
2:40 of 2nd period - Marc Savard is hit by Nicklas Backstrom.
2:54 of 2nd period - Snap shot by Vladimir Tarasenko.
2:54 of 2nd period - Goal by Vladimir Tarasenko - Blues : 1 - Nordiques : 3.
2:55 of 2nd period - Marc Savard wins face-off versus Kyle Okposo in neutral zone.
3:26 of 2nd period - Off-side.
3:27 of 2nd period - Chris Drury wins face-off versus Ted Purcell in neutral zone.
3:36 of 2nd period - Wrist shot by Chris Drury.
3:36 of 2nd period - Shot Blocked by Jake Gardiner.
3:54 of 2nd period - Trevor Daley is hit by David Perron and loses puck.
4:05 of 2nd period - Slapshot by Nicklas Backstrom.
4:05 of 2nd period - Stopped by Jonathan Quick without a rebound.
4:06 of 2nd period - Travis Zajac wins face-off versus David Legwand in Nordiques zone.
4:07 of 2nd period - Wrist shot by Sergei Shirokov.
4:07 of 2nd period - Stopped by Jonathan Quick with a rebound.
4:11 of 2nd period - Snap shot by Sergei Shirokov.
4:11 of 2nd period - Shot Blocked by Jay Bouwmeester.
4:13 of 2nd period - Slapshot by Cody Ceci.
4:13 of 2nd period - Stopped by Jonathan Quick without a rebound.
4:14 of 2nd period - David Legwand wins face-off versus Travis Zajac in Nordiques zone.
4:19 of 2nd period - Wrist shot by Ted Purcell.
4:19 of 2nd period - Stopped by Jonathan Quick without a rebound.
4:20 of 2nd period - Marc Savard wins face-off versus Nicklas Backstrom in Nordiques zone.
4:43 of 2nd period - Minor Penalty to Alex Pietrangelo for Hooking.
4:44 of 2nd period - Logan Couture wins face-off versus Marc Savard in Blues zone.
4:54 of 2nd period - Off-side.
4:55 of 2nd period - Marc Savard wins face-off versus Logan Couture in neutral zone.
5:10 of 2nd period - Wrist shot by Vladimir Tarasenko.
5:10 of 2nd period - Shot Misses the Net.
5:12 of 2nd period - Slapshot by Jay Bouwmeester.
5:12 of 2nd period - Stopped by Carey Price without a rebound.
5:13 of 2nd period - David Legwand wins face-off versus Logan Couture in Blues zone.
5:24 of 2nd period - Snap shot by David Legwand.
5:24 of 2nd period - Shot Blocked by Logan Couture.
5:26 of 2nd period - Wrist shot by Ryan Ellis.
5:26 of 2nd period - Shot Misses the Net.
6:33 of 2nd period - Travis Zajac is hit by Ryan Ellis and loses puck.
6:43 of 2nd period - Penalty to Alex Pietrangelo is over, Alex Pietrangelo is back on ice.
6:48 of 2nd period - Bryce Lampman is hit by Kyle Calder and loses puck.
7:17 of 2nd period - Jean-Pierre Dumont is hit by Tomas Plekanec and loses puck.
7:32 of 2nd period - Slapshot by Fedor Tyutin.
7:32 of 2nd period - Deflect By R.J. Umberger.
7:32 of 2nd period - Shot Blocked by Travis Zajac.
7:32 of 2nd period - Puck is out of play.
7:33 of 2nd period - Travis Zajac wins face-off versus Chris Drury in Blues zone.
7:38 of 2nd period - Trevor Daley is hit by Ted Purcell and loses puck.
8:23 of 2nd period - Minor Penalty to Yann Sauvé for Tripping.
8:24 of 2nd period - Marc Savard wins face-off versus Logan Couture in Blues zone.
8:24 of 2nd period - Snap shot by Vladimir Tarasenko.
8:24 of 2nd period - Shot Blocked by Logan Couture.
8:26 of 2nd period - Slapshot by Ryan Ellis.
8:26 of 2nd period - Stopped by Carey Price with a rebound.
9:24 of 2nd period - Snap shot by Ted Purcell.
9:24 of 2nd period - Shot Blocked by Marc Savard.
9:36 of 2nd period - Trevor Daley is hit by Jake Gardiner and loses puck.
10:04 of 2nd period - Icing by Marc Savard.
10:05 of 2nd period - Nicklas Backstrom wins face-off versus Marc Savard in Nordiques zone.
10:23 of 2nd period - Penalty to Yann Sauvé is over, Yann Sauvé is back on ice.
10:40 of 2nd period - Slapshot by Patrick Kaleta.
10:40 of 2nd period - Stopped by Jonathan Quick with a rebound.
10:42 of 2nd period - Wrist shot by Yann Sauvé.
10:42 of 2nd period - Deflect By Logan Couture.
10:42 of 2nd period - Goal by Logan Couture - Blues : 2 - Nordiques : 3.
10:43 of 2nd period - Marc Savard wins face-off versus Travis Zajac in neutral zone.
10:48 of 2nd period - Snap shot by Vladimir Tarasenko.
10:48 of 2nd period - Stopped by Carey Price without a rebound.
10:49 of 2nd period - Ted Purcell wins face-off versus Marc Savard in Blues zone.
11:26 of 2nd period - Snap shot by Ryan Ellis.
11:26 of 2nd period - Shot Misses the Net.
11:46 of 2nd period - Wrist shot by Matt Moulson.
11:46 of 2nd period - Stopped by Carey Price without a rebound.
11:47 of 2nd period - Nicklas Backstrom wins face-off versus Vladimir Tarasenko in Blues zone.
12:29 of 2nd period - Snap shot by Ryan Ellis.
12:29 of 2nd period - Deflect By Alex Pietrangelo.
12:29 of 2nd period - Stopped by Carey Price without a rebound.
12:30 of 2nd period - Travis Zajac wins face-off versus Chris Drury in Blues zone.
12:32 of 2nd period - Minor Penalty to Yann Sauvé for Diving.
12:33 of 2nd period - Logan Couture wins face-off versus Marc Savard in Blues zone.
13:02 of 2nd period - Off-side.
13:03 of 2nd period - David Legwand wins face-off versus Travis Zajac in neutral zone.
13:16 of 2nd period - Ryan Callahan is hit by Cody Ceci and loses puck.
13:22 of 2nd period - Off-side.
13:23 of 2nd period - Marc Savard wins face-off versus Logan Couture in neutral zone.
13:46 of 2nd period - Icing by Ryan Ellis.
13:47 of 2nd period - Logan Couture wins face-off versus Marc Savard in Nordiques zone.
14:04 of 2nd period - Alex Pietrangelo is hit by R.J. Umberger and loses puck.
14:32 of 2nd period - Penalty to Yann Sauvé is over, Yann Sauvé is back on ice.
14:43 of 2nd period - Logan Couture is hit by George Parros and loses puck.
14:52 of 2nd period - Snap shot by Paul Gaustad.
14:52 of 2nd period - Stopped by Carey Price without a rebound.
14:53 of 2nd period - Travis Zajac wins face-off versus Chris Drury in Blues zone.
14:57 of 2nd period - Off-side.
14:58 of 2nd period - Chris Drury wins face-off versus Travis Zajac in neutral zone.
15:43 of 2nd period - Snap shot by R.J. Umberger.
15:43 of 2nd period - Stopped by Carey Price with a rebound.
16:16 of 2nd period - Snap shot by Ted Purcell.
16:16 of 2nd period - Shot Hit the Post.
16:18 of 2nd period - Wrist shot by Travis Zajac.
16:18 of 2nd period - Stopped by Jonathan Quick without a rebound.
16:19 of 2nd period - Marc Savard wins face-off versus Nicklas Backstrom in Nordiques zone.
16:21 of 2nd period - Icing by Trevor Daley.
16:22 of 2nd period - Nicklas Backstrom wins face-off versus Marc Savard in Nordiques zone.
16:27 of 2nd period - Snap shot by Nicklas Backstrom.
16:27 of 2nd period - Stopped by Jonathan Quick without a rebound.
16:28 of 2nd period - Nicklas Backstrom wins face-off versus Marc Savard in Nordiques zone.
17:21 of 2nd period - Slapshot by David Perron.
17:21 of 2nd period - Shot Misses the Net.
17:23 of 2nd period - Snap shot by David Perron.
17:23 of 2nd period - Shot Misses the Net.
17:25 of 2nd period - Slapshot by Nicklas Backstrom.
17:25 of 2nd period - Blues goal is going for a video replay.
17:25 of 2nd period - The goal is refused. The puck has entered the net after making contact with an attacking player’s stick that is above the height of the crossbar..
17:26 of 2nd period - Chris Drury wins face-off versus Logan Couture in Nordiques zone.
17:35 of 2nd period - Wrist shot by Chris Drury.
17:35 of 2nd period - Stopped by Carey Price without a rebound.
17:36 of 2nd period - Filip Forsberg wins face-off versus Chris Drury in Blues zone.
18:01 of 2nd period - Slapshot by Ryan Ellis.
18:01 of 2nd period - Stopped by Carey Price without a rebound.
18:02 of 2nd period - David Legwand wins face-off versus Travis Zajac in Blues zone.
18:03 of 2nd period - Snap shot by Matt Moulson.
18:03 of 2nd period - Shot Misses the Net.
18:05 of 2nd period - Snap shot by Mark Eaton.
18:05 of 2nd period - Shot Blocked by Travis Zajac.
18:13 of 2nd period - Snap shot by Matt Moulson.
18:13 of 2nd period - Goal by Matt Moulson - Blues : 2 - Nordiques : 4.
18:14 of 2nd period - Marc Savard wins face-off versus Nicklas Backstrom in neutral zone.
18:14 of 2nd period - Marc Savard is hit by Kyle Okposo.
18:35 of 2nd period - Minor Penalty to Bryce Lampman for Tripping.
18:36 of 2nd period - Marc Savard wins face-off versus Logan Couture in Blues zone.
18:47 of 2nd period - Jay Bouwmeester is hit by Cody Ceci and loses puck.
18:54 of 2nd period - Simon Gagné is hit by Patrick Kaleta and loses puck.
Goals for this period are 1 for Blues vs 2 for Nordiques.
Shots for this period are 10 for Blues vs 12 for Nordiques.
3rd period
0:01 of 3rd period - Marc Savard wins face-off versus Logan Couture in neutral zone.
0:06 of 3rd period - Patrick Kaleta is hit by Ryan Ellis and loses puck.
0:13 of 3rd period - Slapshot by Marc Savard.
0:13 of 3rd period - Shot Blocked by Cody Ceci.
0:15 of 3rd period - Snap shot by Simon Gagné.
0:15 of 3rd period - Deflect By Alex Pietrangelo.
0:15 of 3rd period - Shot Blocked by Alex Pietrangelo.
0:15 of 3rd period - Puck is out of play.
0:16 of 3rd period - Marc Savard wins face-off versus Logan Couture in Blues zone.
0:19 of 3rd period - Slapshot by Ryan Ellis.
0:19 of 3rd period - Stopped by Carey Price with a rebound.
0:21 of 3rd period - Snap shot by Simon Gagné.
0:21 of 3rd period - Shot Blocked by Logan Couture.
0:23 of 3rd period - Slapshot by Jay Bouwmeester.
0:23 of 3rd period - Shot Misses the Net.
0:25 of 3rd period - Slapshot by Jay Bouwmeester.
0:25 of 3rd period - Deflect By Marc Savard.
0:25 of 3rd period - Stopped by Carey Price without a rebound.
0:26 of 3rd period - Logan Couture wins face-off versus Marc Savard in Blues zone.
0:35 of 3rd period - Penalty to Bryce Lampman is over, Bryce Lampman is back on ice.
0:57 of 3rd period - Vladimir Tarasenko is hit by Bryce Lampman and loses puck.
1:36 of 3rd period - Backhand shot by Vladimir Tarasenko.
1:36 of 3rd period - Shot Misses the Net.
2:02 of 3rd period - Slapshot by Alex Pietrangelo.
2:02 of 3rd period - Shot Misses the Net.
2:04 of 3rd period - Backhand shot by Logan Couture.
2:04 of 3rd period - Shot Misses the Net.
2:06 of 3rd period - Snap shot by Alex Pietrangelo.
2:06 of 3rd period - Stopped by Jonathan Quick with a rebound.
2:08 of 3rd period - Wrist shot by Patrick Kaleta.
2:08 of 3rd period - Shot Misses the Net.
2:10 of 3rd period - Snap shot by Alex Pietrangelo.
2:10 of 3rd period - Shot Misses the Net.
2:45 of 3rd period - Wrist shot by Vladimir Tarasenko.
2:45 of 3rd period - Goal by Vladimir Tarasenko - Blues : 2 - Nordiques : 5.
2:46 of 3rd period - Chris Drury wins face-off versus Travis Zajac in neutral zone.
3:19 of 3rd period - Minor Penalty to Kyle Calder for Roughing.
3:20 of 3rd period - Nicklas Backstrom wins face-off versus David Legwand in Nordiques zone.
3:58 of 3rd period - Icing by Travis Zajac.
3:59 of 3rd period - Travis Zajac wins face-off versus R.J. Umberger in Blues zone.
4:04 of 3rd period - Wrist shot by Sergei Shirokov.
4:04 of 3rd period - Stopped by Jonathan Quick with a rebound.
4:08 of 3rd period - Snap shot by David Perron.
4:08 of 3rd period - Shot Misses the Net.
4:26 of 3rd period - Slapshot by Jake Gardiner.
4:26 of 3rd period - Stopped by Jonathan Quick without a rebound.
4:27 of 3rd period - Nicklas Backstrom wins face-off versus Marc Savard in Nordiques zone.
4:42 of 3rd period - Trevor Daley is hit by Alex Pietrangelo and loses puck.
5:05 of 3rd period - Slapshot by Mark Eaton.
5:05 of 3rd period - Shot Blocked by Nick Leddy.
5:19 of 3rd period - Penalty to Kyle Calder is over, Kyle Calder is back on ice.
6:59 of 3rd period - Travis Zajac is hit by Trevor Daley and loses puck.
7:18 of 3rd period - Minor Penalty to Bryce Lampman for Interference.
7:19 of 3rd period - Marc Savard wins face-off versus Logan Couture in Blues zone.
7:38 of 3rd period - Logan Couture is hit by Marc Savard and loses puck.
7:57 of 3rd period - Wrist shot by Vladimir Tarasenko.
7:57 of 3rd period - Shot Misses the Net.
8:52 of 3rd period - David Legwand is hit by Alex Pietrangelo.
9:04 of 3rd period - Logan Couture is hit by David Legwand and loses puck.
9:18 of 3rd period - Penalty to Bryce Lampman is over, Bryce Lampman is back on ice.
9:23 of 3rd period - Slapshot by Nick Leddy.
9:23 of 3rd period - Stopped by Jonathan Quick with a rebound.
9:44 of 3rd period - Wrist shot by Travis Zajac.
9:44 of 3rd period - Stopped by Jonathan Quick with a rebound.
10:18 of 3rd period - Wrist shot by R.J. Umberger.
10:18 of 3rd period - Stopped by Carey Price without a rebound.
10:19 of 3rd period - Nicklas Backstrom wins face-off versus Marc Savard in Blues zone.
10:26 of 3rd period - Alex Pietrangelo is hit by Fedor Tyutin and loses puck.
11:11 of 3rd period - Off-side.
11:12 of 3rd period - Nicklas Backstrom wins face-off versus Paul Gaustad in neutral zone.
11:27 of 3rd period - Snap shot by David Perron.
11:27 of 3rd period - Stopped by Jonathan Quick with a rebound.
11:32 of 3rd period - Minor Penalty to George Parros for Hooking.
11:33 of 3rd period - Marc Savard wins face-off versus Nicklas Backstrom in Nordiques zone.
11:39 of 3rd period - Off-side.
11:40 of 3rd period - Nicklas Backstrom wins face-off versus Marc Savard in neutral zone.
12:43 of 3rd period - Slapshot by Alex Pietrangelo.
12:43 of 3rd period - Shot Blocked by Fedor Tyutin.
12:58 of 3rd period - David Perron is hit by Fedor Tyutin and loses puck.
13:07 of 3rd period - Snap shot by Sergei Shirokov.
13:07 of 3rd period - Stopped by Jonathan Quick with a rebound.
13:09 of 3rd period - Slapshot by Bryce Lampman.
13:09 of 3rd period - Goal by Bryce Lampman - Blues : 3 - Nordiques : 5.
13:10 of 3rd period - Tomas Plekanec wins face-off versus Chris Drury in neutral zone.
14:01 of 3rd period - Jean-Pierre Dumont is hit by Ted Purcell and loses puck.
14:48 of 3rd period - Snap shot by Brandon Yip.
14:48 of 3rd period - Shot Blocked by Ryan Ellis.
14:50 of 3rd period - Slapshot by Tomas Plekanec.
14:50 of 3rd period - Goal by Tomas Plekanec - Blues : 4 - Nordiques : 5.
14:51 of 3rd period - Marc Savard wins face-off versus Nicklas Backstrom in neutral zone.
15:13 of 3rd period - Yann Sauvé is hit by Ryan Ellis and loses puck.
15:41 of 3rd period - Minor Penalty to Jay Bouwmeester for Holding.
15:42 of 3rd period - Marc Savard wins face-off versus Filip Forsberg in Nordiques zone.
15:47 of 3rd period - Wrist shot by Marc Savard.
15:47 of 3rd period - Shot Blocked by Alex Pietrangelo.
16:20 of 3rd period - Marc Savard is hit by Sergei Shirokov and loses puck.
16:42 of 3rd period - Wrist shot by David Legwand.
16:42 of 3rd period - Stopped by Carey Price with a rebound.
17:41 of 3rd period - Penalty to Jay Bouwmeester is over, Jay Bouwmeester is back on ice.
17:53 of 3rd period - Brandon Yip is hit by Chris Drury and loses puck.
18:48 of 3rd period - Cody Ceci is hit by George Parros.
18:56 of 3rd period - Nick Leddy is hit by George Parros and loses puck.
19:11 of 3rd period - Blues, Carey Price is pulled from the net.
19:23 of 3rd period - Jay Bouwmeester is hit by Yann Sauvé and loses puck.
19:38 of 3rd period - Vladimir Tarasenko is hit by Patrick Kaleta and loses puck.
Goals for this period are 2 for Blues vs 1 for Nordiques.
Shots for this period are 9 for Blues vs 5 for Nordiques.
Back to the Top